 Dungeon Crawl Stone Soup version 0.23-a0-141-g456867d (webtiles) character file.

235 galech the Chopper (level 5, -5/41 HPs)
             Began as a Demonspawn Monk on Aug 31, 2018.
             Slain by a worm (7 damage)
             ... on level 4 of the Dungeon.
             The game lasted 00:04:24 (3366 turns).

galech the Chopper (Demonspawn Monk)                Turns: 3366, Time: 00:04:24

Health: -5/41      AC: 11    Str: 12    XL:     5   Next: 76%
Magic:  5/5        EV:  3    Int: 11    God:
Gold:   153        SH:  7    Dex: 16    Spells: 4/4 levels left

rFire    . . .     SeeInvis .   a - +0 hand axe
rCold    . . .     Gourm    .   m - +0 shield
rNeg     . . .     Faith    .   o - +0 plate armour
rPois    .         Spirit   .   (no helmet)
rElec    .         Reflect  .   (no cloak)
rCorr    .         Harm     .   (no gloves)
MR       .....                  (no boots)
Stlth    ..........             (no amulet)
HPRegen  0.13/turn              (no ring)
MPRegen  0.09/turn              (no ring)

@: no status effects
A: sturdy frame 1
a: no special abilities


You were on level 4 of the Dungeon.
You were very hungry.

You visited 1 branch of the dungeon, and saw 4 of its levels.

You collected 153 gold pieces.

Inventory:

Hand Weapons
 a - a +0 hand axe (weapon)
Armour
 m - a +0 shield (worn)
 o - a +0 plate armour (worn)
Scrolls
 d - a scroll of blinking {unknown}
 f - a scroll of magic mapping {unknown}
 g - 15 scrolls of identify {unknown}
 j - 5 scrolls of remove curse {unknown}
 k - a scroll of fear {unknown}
 l - a scroll of enchant armour {unknown}
Potions
 b - a potion of brilliance {unknown}
 e - a potion of flight
 h - a potion of degeneration {unknown}
 i - a potion of ambrosia {unknown}
 n - 3 potions of experience {unknown}
 q - a potion of mutation {unknown}
Comestibles
 c - 9 rations


   Skills:
 + Level 3.5 Fighting
 + Level 4.0 Axes
 + Level 2.4 Armour
 + Level 3.2 Dodging
 + Level 2.2 Stealth
 + Level 1.3 Shields


You had 4 spell levels left.
You didn't know any spells.
Your spell library was empty.

Dungeon Overview and Level Annotations

Branches:
Dungeon (4/15)
 Temple: D:4-7

Altars:
Ashenzari
Fedhas
Hepliaklqana

Shops:
D:4 [


Innate Abilities, Weirdness & Mutations

Your movements are slightly less encumbered by armour. (ER -2)


Message History

You hit the worker ant but do no damage.
The worker ant is lightly wounded.
You hit the worm. The worker ant bites you.
* * * LOW HITPOINT WARNING * * *
The worm bites you.
* * * LOW HITPOINT WARNING * * *
The worker ant bites you.
* * * LOW HITPOINT WARNING * * *
Okay, then.
There is a stone staircase leading up here.
You hit the worker ant.
The worker ant is moderately wounded.
You block the worker ant's attack. The worker ant bites you.
* * * LOW HITPOINT WARNING * * *
You closely miss the worker ant.
The worker ant is moderately wounded.
You hit the worm but do no damage.
The worker ant bites you but does no damage.
The worm bites you!
You die...

######## #......#
#...?..#
###.@.>..#####
#...aw........
.....#.......$...
#####!...........
#.........#.)##
#..##......# ##
#.# #[.###.. ..
^.## .## ..? .#


You could see a worm and a worker ant.

Vanquished Creatures
  A phantom (D:4)
  Jessica (D:2)
  Terence (D:3)
  4 adders
  2 worms
  2 leopard geckos
  An orc (D:3)
  8 bats
  3 giant cockroaches
  6 goblins
  8 hobgoblins
  3 jackals (D:2)
  A quokka (D:3)
  2 frilled lizards
  A jackal skeleton (D:4)
  6 kobolds
  5 rats
55 creatures vanquished.

Notes
Turn   | Place    | Note
-------+----------+-------------------------------------------
     0 | D:1      | galech the Demonspawn Monk began the quest for the Orb.
     0 | D:1      | Reached XP level 1. HP: 18/18 MP: 1/1
   154 | D:1      | Reached skill level 3 in Axes
   154 | D:1      | Gained mutation: Your movements are slightly less
                  | encumbered by armour. (ER -2) [demonic ancestry]
   154 | D:1      | Reached XP level 2. HP: 23/24 MP: 2/2
  1291 | D:2      | Reached XP level 3. HP: 22/29 MP: 3/3
  1362 | D:2      | Noticed Jessica
  1383 | D:2      | Killed Jessica
  1471 | D:2      | Found a blossoming altar of Fedhas.
  1575 | D:2      | Reached XP level 4. HP: 31/35 MP: 4/4
  1929 | D:3      | Reached skill level 1 in Armour
  2184 | D:3      | Noticed Terence
  2201 | D:3      | Killed Terence
  2271 | D:3      | Found a shattered altar of Ashenzari.
  2568 | D:3      | Reached XP level 5. HP: 37/41 MP: 5/5
  2681 | D:3      | Found a hazy altar of Hepliaklqana.
  2842 | D:4      | Noticed a phantom
  3111 | D:4      | Killed a phantom
  3111 | D:4      | Reached skill level 4 in Axes
  3111 | D:4      | Reached skill level 1 in Shields
  3153 | D:4      | Found Devewuuxi's Armour Shoppe.
  3159 | D:4      | Noticed an ogre
  3362 | D:4      | HP: 2/41 [worker ant (4)]
  3366 | D:4      | Slain by a worm

Vault maps used:
D:1:      dpeg_arrival_chase
D:2:      fedhas_altar_3, uniq_jessica
D:3:      marbit_many_paths, first_ration, minmay_misc_feat_ornament,
          hangedman_abyss_or_decor_lesser_grid, minivault_24,
          nicolae_ashenzari_panopticon, uniq_terence
D:4:      serial_shops, shop, minmay_item_behind_shaft

Skill      XL: |  1  2  3  4  5 |
---------------+----------------+-----
Axes           | 3 4 |  4.0
Dodging        | 3 |  3.2
Stealth        | 2 |  2.2
Armour         | 2 |  2.4
Shields        | 1 |  1.3
Fighting       | |  3.5

Action                   |  1- 3 |  4- 6 || total
-------------------------+-------+-------++-------
Melee: Hand axe          |   106 |   225 ||   331
  Use: Potion            |       |     2 ||     2
 Stab: Sleeping          |     4 |       ||     4
  Eat: Chunk             |     2 |     5 ||     7
Armor: Robe              |     8 |       ||     8
       Ring mail         |    16 |       ||    16
       Plate armour      |    34 |   176 ||   210
Dodge: Dodged            |    58 |    27 ||    85
Block: Shield            |    19 |    86 ||   105

Table legend:
 A = Non-vault XP
 B = Vault XP
 C = Vault XP percentage of total XP
 D = Non-vault monster count
 E = Vault monster count
 F = Vault count percentage of total count
                 A         B        C        D         E       F
            +---------+---------+-------+---------+---------+-------
      Total |     263 |      74 |  22.0 |      52 |       3 |   5.5
            +---------+---------+-------+---------+---------+-------
        D:1 |      29 |       0 |   0.0 |      17 |       0 |   0.0
        D:2 |      52 |      37 |  41.6 |      13 |       1 |   7.1
        D:3 |      60 |      37 |  38.1 |      20 |       2 |   9.1
        D:4 |     122 |       0 |   0.0 |       2 |       0 |   0.0
            +---------+---------+-------+---------+---------+-------
